 Dungeon Crawl Stone Soup version 0.27-a0-631-g2d681adce0 (webtiles) character file.

Game seed: 8592157872347847056

23632 wakim the Destroyer (level 12, -4/66 HPs)
             Began as a Deep Elf Conjurer on Mar 13, 2021.
             Was a High Priest of Vehumet.
             Slain by an eight-headed hydra (9 damage)
             ... on level 4 of the Lair of Beasts.
             The game lasted 01:07:04 (18578 turns).

wakim the Destroyer (Deep Elf Conjurer)            Turns: 18578, Time: 01:07:05

Health: -4/66      AC: 10    Str:  7    XL:     12   Next: 73%
Magic:  16/28      EV: 15    Int: 32    God:    Vehumet [*****.]
Gold:   541        SH:  5    Dex: 13    Spells: 3/31 levels left

rFire    + . .     SeeInvis .   a - staff of poison
rCold    . . .     Faith    .   k - +0 buckler
rNeg     . . .     Spirit   .   f - +1 steam dragon scales
rPois    +         Reflect  .   e - +0 hat
rElec    .         Harm     .   z - +0 cloak
rCorr    .         Rampage  .   (no gloves)
Will     +++..                  m - +2 pair of boots
Stlth    ++++......             (no amulet)
HPRegen  0.21/turn              x - ring "Ofoafiegh" {rPois rF+ Will++}
MPRegen  0.21/turn              l - +6 ring of intelligence

@: no status effects
A: no striking features
a: Renounce Religion


You were on level 4 of the Lair of Beasts.
You worshipped Vehumet.
Vehumet was extremely pleased with you.
You visited 3 branches of the dungeon, and saw 16 of its levels.

You collected 631 gold pieces.
You spent 90 gold pieces at shops.

Inventory:

Hand Weapons
 b - a +4 dagger
Missiles
 v - 6 curare-tipped darts
Armour
 e - a +0 hat (worn)
 f - +1 steam dragon scales (worn)
 k - a +0 buckler (worn)
 m - a +2 pair of boots (worn)
 t - a +0 kite shield
 z - a +0 cloak (worn)
Magical Staves
 a - a staff of poison (weapon)
 o - a staff of earth
Jewellery
 c - a ring of wizardry
 l - a +6 ring of intelligence (left hand)
 n - a +6 ring of intelligence
 u - a ring of flight
 x - the ring "Ofoafiegh" (right hand) {rPois rF+ Will++}
   (You found it on level 10 of the Dungeon)

   [ring of protection from fire]

   It protects you from fire.
   It protects you from poison.
   It affects your willpower, your defense against some magical effects.
Wands
 d - a wand of digging (13)
 i - a wand of iceblast (18)
 j - a wand of polymorph (17)
 p - a wand of paralysis (11)
 q - a wand of flame (19)
Scrolls
 h - 3 scrolls of enchant armour
 r - a scroll of enchant weapon
 y - a scroll of magic mapping {unknown}
 D - a scroll of blinking
 Y - 4 scrolls of teleportation {@r3}
Potions
 s - a potion of degeneration {unknown}
 w - a potion of lignification {unknown}
 B - a potion of brilliance
 C - a potion of cancellation
 G - 6 potions of ambrosia
 H - a potion of haste
 J - a potion of curing {@q1}
 L - a potion of flight
 M - a potion of might
 N - 3 potions of heal wounds {@q2}
 Q - 2 potions of magic
 T - a potion of berserk rage
 U - 4 potions of mutation


   Skills:
 + Level 4.1 Fighting
 + Level 5.0 Staves
 + Level 2.2 Armour
 + Level 8.7 Dodging
 + Level 8.9 Stealth
 - Level 6.4 Shields
 - Level 10.0 Spellcasting
 + Level 11.3 Conjurations
 - Level 8.0 Hexes
 - Level 5.0 Translocations
 - Level 5.0 Transmutations
 - Level 5.0 Ice Magic
 + Level 3.1 Evocations


You had 3 spell levels left.
You knew the following spells:

 Your Spells              Type           Power      Damage    Failure   Level
a - Magic Dart            Conj           100%       1d8       1%          1
b - Iskenderun's Mystic   Conj/Tloc      62%        2d13      1%          4
c - Metabolic Englaciati  Hex/Ice        27%        N/A       6%          5
d - Orb of Destruction    Conj           36%        9d13      7%          7
f - Fulminant Prism       Conj/Hex       33%        3d16      1%          4
g - Ignite Poison         Fire/Tmut/Pois 39%        N/A       1%          3
x - Searing Ray           Conj           100%       3d7       1%          2
B - Blink                 Tloc           N/A        N/A       1%          2

Your spell library contained the following spells:

 Spells                   Type           Power      Damage    Failure   Level
 Slow                     Hex            61%        N/A       1%          2
 Confusing Touch          Hex            61%        N/A       1%          3
 Conjure Flame            Conj/Fire      51%        6-21      1%          3
 Dazzling Flash           Conj/Hex       100%       N/A       1%          3
 Gell's Gravitas          Tloc           24%        N/A       1%          3
 Mephitic Cloud           Conj/Pois/Air  56%        N/A       1%          3
 Call Imp                 Summ           16%        N/A       4%          2
 Yara's Violent Unravell  Hex/Tmut       27%        3d12      1%          5
 Petrify                  Tmut/Erth      32%        N/A       11%         4


Dungeon Overview and Level Annotations

Branches:
Dungeon (11/15)            Temple (1/1) D:4            Lair (4/6) D:8
    Orc (0/2) D:10
  Swamp: Lair:2-4    Shoals: Lair:2-4     Snake: Lair:2-4    Spider: Lair:2-4

Altars:
Ashenzari
Cheibriados
Dithmenos
Elyvilon
Fedhas
Gozag
Hepliaklqana
Kikubaaqudgha
Makhleb
Nemelex Xobeh
Okawaru
Qazlal
Ru
Sif Muna
Trog
Uskayaw
Vehumet
Wu Jian
Xom
Yredelemnul
Zin
The Shining One

Shops:
D:7 =


Message History

An eight-headed hydra comes into view.
The guardian serpent casts a spell at you.
The bolt of poison hits you! You resist.
The guardian serpent coils itself and waves its upper body at you.
The eight-headed hydra blinks into view!
The eight-headed hydra bites you.
* * * LOW HITPOINT WARNING * * *
The eight-headed hydra bites you.
* * * LOW HITPOINT WARNING * * *
The guardian serpent hits the plant!!
The plant begins to die.
There is a stone staircase leading up here.
Casting: Searing Ray (safe; 1% risk of failure)
Confirm with . or Enter, or press ? or * to list all spells.
You erupt in a blast of force!
The mystic blast hits the guardian serpent!
The guardian serpent is heavily wounded.
The guardian serpent is knocked back by the mystic blast.
The mystic blast hits the plant!
The plant is lightly damaged.
The mystic blast hits the eight-headed hydra!!
The eight-headed hydra is moderately wounded.
You hear a croak.
You hear a loud, deep croak!
The eight-headed hydra bites you!
* * * LOW HITPOINT WARNING * * *
Casting: Iskenderun's Mystic Blast (safe; 1% risk of failure)
Confirm with . or Enter, or press ? or * to list all spells.
You erupt in a blast of force!
The mystic blast hits the plant.
The plant is lightly damaged.
The mystic blast hits the eight-headed hydra!
The eight-headed hydra is heavily wounded.
The eight-headed hydra is knocked back by the mystic blast.
The guardian serpent coils itself and waves its upper body at you.
The eight-headed hydra blinks!
A blink frog comes into view.
A nearby plant withers and dies.
The guardian serpent casts a spell at you.
You resist with almost no effort. The eight-headed hydra bites you!
* * * LOW HITPOINT WARNING * * *
The eight-headed hydra bites you!
You die...

## #.### ####
.##P##.D.###..#
..F....@..S.>.#
##..###.##..#.##
######...# ##.##
#.# #.## #..#
#.....# #.....#


You could see an eight-headed hydra, a guardian serpent and a blink frog.

Vanquished Creatures
  A boulder beetle (Lair:3)
  A hydra (Lair:1)
  A two-headed ogre (D:9)
  A deep elf pyromancer (D:9)
  A moth of wrath (D:9)
  6 elephants (Lair:2)
  2 cane toads
  9 komodo dragons
  A queen bee (Lair:3)
  Prince Ribbit (Lair:3)
  12 blink frogs
  Sigmund (D:5)
  2 wyverns
  37 yaks
  2 basilisks
  3 steam dragons (D:8)
  6 water moccasins
  5 orc warriors
  2 sky beasts
  An ice beast (D:4)
  A black bear (D:9)
  A necrophage (D:8)
  3 centaurs
  4 ogres
  2 phantoms
  A kobold brigand (D:7)
  9 bullfrogs
  8 scorpions
  4 wights (D:7)
  37 killer bees
  3 howler monkeys
  A bullfrog zombie (D:5)
  2 quasits
  3 orc priests
  2 centaur skeletons
  A gnoll shaman (D:6)
  3 hounds
  A jelly (D:4)
  4 iguanas
  13 orc wizards
  7 hell rats (Lair:1)
  6 worker ants
  2 hound skeletons
  A howler monkey zombie (D:5)
  A worker ant zombie (D:10)
  8 gnolls
  A howler monkey skeleton (D:4)
  13 adders
  3 shadow imps
  A white imp (D:9)
  3 ufetubi
  2 oozes
  An adder skeleton (D:4)
  7 worms
  3 dart slugs
  6 leopard geckos
  43 orcs
  6 bats
  5 giant cockroaches
  3 goblins
  6 hobgoblins
  10 jackals
  11 kobolds
  3 quokkas
  A ball python skeleton (D:4)
  12 frilled lizards
  7 rats
370 creatures vanquished.

Vanquished Creatures (others)
  12 fulminant prisms
  17 fungi
  52 plants
81 creatures vanquished.

Grand Total: 451 creatures vanquished

Notes
Turn   | Place    | Note
-------+----------+-------------------------------------------
     0 | D:1      | wakim the Deep Elf Conjurer began the quest for the Orb.
     0 | D:1      | Reached XP level 1. HP: 10/10 MP: 6/6
    77 | D:1      | Reached XP level 2. HP: 15/15 MP: 2/8
   338 | D:1      | Reached skill level 1 in Shields
   613 | D:1      | Learned a level 2 spell: Searing Ray
   834 | D:1      | Reached XP level 3. HP: 19/19 MP: 7/9
  1363 | D:1      | Reached skill level 5 in Conjurations
  1772 | D:2      | Found a shimmering altar of Xom.
  1966 | D:2      | Reached XP level 4. HP: 24/24 MP: 7/11
  2236 | D:2      | Found a sacrificial altar of Ru.
  2238 | D:2      | Found a glowing golden altar of the Shining One.
  3122 | D:3      | Noticed a sky beast
  3161 | D:3      | Killed a sky beast
  3162 | D:3      | Reached XP level 5. HP: 28/28 MP: 2/13
  3257 | D:3      | Reached skill level 6 in Conjurations
  3492 | D:2      | Became a worshipper of Ru the Awakened
  3724 | D:3      | You fall into a shaft and drop 2 floors!
  3724 | D:5      | Entered Level 5 of the Dungeon
  3724 | D:5      | Found a blossoming altar of Fedhas.
  3782 | D:5      | Noticed a +0 dagger
  3784 | D:5      | Noticed a +0 short sword
  3787 | D:5      | Noticed a +0 falchion
  3810 | D:5      | Noticed a +0 dagger
  3810 | D:5      | Noticed a +0 spear
  3810 | D:5      | Noticed a +0 short sword
  3811 | D:5      | Noticed a +0 falchion
  3811 | D:5      | Noticed a +0 spear
  3832 | D:5      | Noticed Sigmund
  3959 | D:5      | Reached XP level 6. HP: 32/32 MP: 5/14
  4142 | D:5      | Found Zin's Purification Station.
  4200 | D:5      | Found a glowing silver altar of Zin.
  4210 | D:5      | Bought a potion of curing for 90 gold pieces
  4308 | D:4      | Learned a level 4 spell: Fulminant Prism
  4313 | D:4      | Learned a level 4 spell: Iskenderun's Mystic Blast
  4586 | D:4      | Found a staircase to the Ecumenical Temple.
  4604 | D:4      | Reached skill level 7 in Conjurations
  4671 | D:4      | Reached XP level 7. HP: 36/36 MP: 11/15
  4714 | Temple   | Entered the Ecumenical Temple
  4827 | Temple   | Fell from the grace of Ru
  4827 | Temple   | Became a worshipper of Vehumet
  5001 | D:4      | Found a broken altar of Ashenzari.
  5301 | D:4      | Reached skill level 5 in Dodging
  5647 | D:4      | Found a stormy altar of Qazlal.
  5650 | D:4      | Found a shadowy altar of Dithmenos.
  5655 | D:4      | Found an iron altar of Okawaru.
  5803 | D:5      | Reached skill level 1 in Hexes
  5803 | D:5      | Reached skill level 1 in Translocations
  5896 | D:5      | Killed Sigmund
  5897 | D:5      | Reached XP level 8. HP: 41/41 MP: 9/16
  6078 | D:5      | Found a hide-covered altar of Uskayaw.
  6679 | D:5      | Reached * piety under Vehumet
  6679 | D:5      | Offered knowledge of Shock by Vehumet.
  6898 | D:6      | Found an opulent altar of Gozag.
  7095 | D:6      | Reached skill level 5 in Spellcasting
  7126 | D:6      | Found a shimmering altar of Xom.
  7858 | D:7      | Reached XP level 9. HP: 42/45 MP: 18/20
  7861 | D:7      | Learned a level 2 spell: Blink
  7995 | D:7      | Reached ** piety under Vehumet
  7998 | D:7      | Offered knowledge of Sandblast by Vehumet.
  8196 | D:7      | Found a broken altar of Ashenzari.
  8297 | D:7      | Found Hofukal's Jewellery Emporium.
  8312 | D:7      | Reached skill level 5 in Hexes
  8646 | D:8      | Reached skill level 5 in Stealth
  8735 | D:8      | Found a shimmering blue altar of Sif Muna.
  8859 | D:8      | Reached skill level 8 in Conjurations
  9041 | D:8      | Reached skill level 5 in Translocations
  9066 | D:8      | Found a radiant altar of Vehumet.
  9477 | D:8      | Offered knowledge of Static Discharge by Vehumet.
  9553 | D:8      | Reached skill level 9 in Conjurations
  9585 | D:8      | Reached XP level 10. HP: 42/50 MP: 16/22
  9675 | D:8      | Reached *** piety under Vehumet
  9849 | D:8      | Found a staircase to the Lair.
 10226 | D:8      | Learned a level 5 spell: Metabolic Englaciation
 10232 | D:8      | Learned a level 5 spell: Yara's Violent Unravelling
 10451 | D:9      | Reached skill level 1 in Transmutations
 10451 | D:9      | Reached skill level 1 in Ice Magic
 10603 | D:9      | Noticed a deep elf pyromancer
 10650 | D:9      | Noticed a two-headed ogre
 10737 | D:9      | Reached skill level 10 in Conjurations
 10780 | D:9      | Offered knowledge of Ignite Poison by Vehumet.
 10916 | D:9      | Killed a two-headed ogre
 11124 | D:9      | Noticed a moth of wrath
 11126 | D:9      | Found a bloodstained altar of Trog.
 11182 | D:9      | Killed a moth of wrath
 11340 | D:9      | Killed a deep elf pyromancer
 11540 | D:10     | Entered Level 10 of the Dungeon
 11788 | D:10     | Learned a level 3 spell: Ignite Poison
 11790 | D:10     | Identified the ring "Ofoafiegh" {rPois rF+ Will++}
 11822 | D:10     | Reached **** piety under Vehumet
 11857 | D:10     | Offered knowledge of Lightning Bolt by Vehumet.
 11907 | D:10     | Reached XP level 11. HP: 41/54 MP: 12/26
 12032 | D:10     | Found a staircase to the Orcish Mines.
 12374 | D:10     | Found a hazy altar of Hepliaklqana.
 12828 | Lair:1   | Entered Level 1 of the Lair of Beasts
 13135 | Lair:1   | Reached skill level 5 in Ice Magic
 13136 | Lair:1   | Reached skill level 5 in Transmutations
 13418 | Lair:1   | Reached skill level 1 in Staves
 13425 | Lair:1   | Reached skill level 1 in Fighting
 13489 | Lair:1   | Reached ***** piety under Vehumet
 13489 | Lair:1   | Offered knowledge of Hailstorm by Vehumet.
 13686 | Lair:1   | You fall into a shaft and drop 1 floor!
 13718 | Lair:1   | Reached skill level 5 in Shields
 14101 | Lair:1   | Noticed a seven-headed hydra
 14333 | Lair:1   | Killed a seven-headed hydra
 15449 | Lair:2   | Reached XP level 12. HP: 45/64 MP: 0/27
 15772 | Lair:2   | Reached skill level 10 in Spellcasting
 16400 | Lair:2   | Reached skill level 11 in Conjurations
 16470 | Lair:3   | Reached skill level 1 in Evocations
 17084 | Lair:3   | Reached skill level 1 in Armour
 17305 | Lair:3   | Noticed Prince Ribbit
 17322 | Lair:3   | Killed Prince Ribbit
 17742 | Lair:3   | Noticed a boulder beetle
 18089 | Lair:3   | Offered knowledge of Orb of Destruction by Vehumet.
 18272 | Lair:3   | Learned a level 7 spell: Orb of Destruction
 18275 | Lair:3   | Killed a boulder beetle
 18349 | Lair:3   | Reached skill level 5 in Staves
 18568 | Lair:4   | Noticed an eight-headed hydra
 18578 | Lair:4   | Slain by an eight-headed hydra

Illustrated notes

Levels and vault maps discovered:
D:1:      mrwooster_arrival_statue_2, layout_loops_corners,
          minmay_misc_feat_rugged
D:2:      layout_basic, nicolae_overflow_crystal_walls,
          nicolae_overflow_hidden_temple
D:3:      layout_loops_ring
D:4:      layout_loops_ring, ashenzari_altar_1, grunt_temple_overflow_diamond,
          minmay_temple_entry_offerings
D:5:      layout_basic, zin_purify, nicolae_uskayaw_en_pointe, nrook_uturn,
          nrook_campfire, fedhas_altar_2, uniq_sigmund
D:6:      layout_gridville, lemuel_doored_altar, xom_teletrap_fun
D:7:      layout_loops_cross, serial_shops, nicolae_shop_behind_doors,
          amcnicky_altar_gilded
D:8:      cheibrodos_steamvent, layout_basic, led_sif_book, david_lair_shrubbed,
          basic_altar, grunt_ministairs_12, chequers_decorated_corner
D:9:      layout_basic, tgw_trog
D:10:     layout_basic, hiddenorc1_lemuel, basic_altar, serial_corexii_hall,
          corexii_hall_statues_x, corexii_hall_statues_x, minmay_misc_feat_five
D:11:     layout_layer_cave, lemuel_tele_altar
Temple:   kb_temple_of_zot
Lair:1:   layout_regular_city, serial_bayou_shore_b, grunt_megastairs_2,
          serial_bayou_shore_b
Lair:2:   layout_hall_layers
Lair:3:   layout_roguey [special_room_bee], uniq_prince_ribbit2
Lair:4:   layout_loops_ring, elwin_shoals_entry_stream,
          minmay_snake_entry_spellcaster, minmay_holes, grunt_megastairs_3,
          lemuel_fruit_tree

Skill      XL: |  1  2  3  4  5  6  7  8  9 10 11 12 |
---------------+-------------------------------------+-----
Shields        | 1 2 3 4 6 |  6.4
Conjurations   | 5 6 7 9 10 11 | 11.3
Spellcasting   | 4 6 7 9 10 | 10.0
Dodging        | 6 8 |  8.7
Hexes          | 2 4 5 7 8 |  8.0
Translocations | 2 3 5 |  5.0
Stealth        | 3 4 7 8 |  8.9
Transmutations | 3 5 |  5.0
Ice Magic      | 4 5 |  5.0
Staves         | 3 5 |  5.0
Fighting       | 3 4 |  4.1
Evocations     | 3 |  3.1
Armour         | 2 |  2.2

Action                   |  1- 3 |  4- 6 |  7- 9 | 10-12 || total
-------------------------+-------+-------+-------+-------++-------
Melee: Dagger            |       |       |     2 |    20 ||    22
       Staff             |       |       |       |    13 ||    13
 Cast: Magic Dart        |    67 |    58 |    97 |    55 ||   277
       Searing Ray       |     4 |    18 |    63 |   122 ||   207
       Iskenderun's Myst |       |       |     1 |    41 ||    42
       Blink             |       |       |       |     4 ||     4
       Metabolic Englaci |       |       |       |    12 ||    12
       Fulminant Prism   |       |       |       |    12 ||    12
       Yara's Violent Un |       |       |       |     3 ||     3
       Orb of Destructio |       |       |       |     3 ||     3
Evoke: Wand              |       |       |       |     1 ||     1
  Use: Scroll            |     1 |     7 |     1 |    13 ||    22
       Potion            |       |       |     1 |     1 ||     2
 Stab: Sleeping          |       |       |     1 |       ||     1
Armor: Robe              |     2 |     2 |    11 |       ||    15
       Steam dragon scal |       |       |       |    71 ||    71
Dodge: Dodged            |     6 |     1 |    42 |   157 ||   206
Block: Buckler           |     1 |     1 |    13 |    51 ||    66

Table legend: (Time is in decaauts)
 A = Elapsed time spent in this place.
 B = Non-inter-level travel time spent in this place.
 C = Inter-level travel time spent in this place.
 D = Time resting spent in this place.
 E = Time spent auto-exploring this place.
 F = Levels seen in this place.
 G = Mean time per level.
                   A        B        C        D        E       F      G
               +--------+--------+--------+--------+--------+-----+--------+
         Total |  18608 |  17625 |    983 |    552 |  14409 |  16 | 1163.0 |
       Dungeon |  13305 |  12571 |    734 |    338 |  10402 |  11 | 1209.5 |
        Temple |    144 |     89 |     55 |      0 |     66 |   1 |  144.0 |
          Lair |   5158 |   4964 |    194 |    214 |   3940 |   4 | 1289.5 |
               +--------+--------+--------+--------+--------+-----+--------+

Top non-repeatable levels by time:
     D:8: 2144 daAuts
  Lair:2: 2127 daAuts
  Lair:1: 1802 daAuts
     D:1: 1543 daAuts
     D:9: 1433 daAuts
     D:6: 1307 daAuts
     D:3: 1275 daAuts
    D:10: 1255 daAuts
     D:5: 1254 daAuts
  Lair:3: 1190 daAuts
     D:4: 1172 daAuts
     D:2: 1157 daAuts
     D:7: 759 daAuts
  Temple: 144 daAuts
  Lair:4: 37 daAuts
